 Dungeon Crawl Stone Soup version 0.28-a0-863-g8cecda6153 (webtiles) character file.

Game seed: 11739981094822320348

98 SmokeWeed the Slasher (level 4, 0/38 HPs)
             Began as a Minotaur Gladiator on Nov 18, 2021.
             Slain by a gnoll (4 damage)
             ... on level 4 of the Dungeon.
             The game lasted 00:04:33 (1090 turns).

SmokeWeed the Slasher (Minotaur Gladiator)          Turns: 1090, Time: 00:04:34

Health: 0/38       AC: 13    Str: 19    XL:     4   Next: 44%
Magic:  3/3        EV:  6    Int:  5    God:
Gold:   54         SH:  0    Dex: 12    Spells: 3/3 levels left

rFire   . . .      SeeInvis .   a - +1 long sword (chaos)
rCold   . . .      Faith    .   (no shield)
rNeg    . . .      Spirit   .   k - +0 plate armour
rPois   .          Reflect  .   c - +0 hat
rElec   .          Harm     .   (no cloak)
rCorr   .          Rampage  +   (no gloves)
Will    .....                   e - +2 pair of boots {rampage}
Stlth   ..........              (no amulet)
HPRegen 0.12/turn               (no ring)
MPRegen 0.08/turn               (no ring)

@: no status effects
A: horns 2, retaliatory headbutt
a: no special abilities


You were on level 4 of the Dungeon.
You visited 1 branch of the dungeon, and saw 3 of its levels.

You collected 54 gold pieces.

Inventory:

Hand Weapons
 a - a +1 long sword of chaos (weapon)
Armour
 c - a +0 hat (worn)
 e - a +2 pair of boots of rampaging (worn)
 j - a +0 ring mail
 k - a +0 plate armour (worn)
 m - a +0 chain mail
Jewellery
 i - a +4 ring of protection
Scrolls
 f - 2 scrolls of identify
 g - 2 scrolls of enchant armour
Potions
 b - a potion of might {unknown}
 h - a potion of curing


   Skills:
 + Level 3.0 Fighting
 + Level 4.5 Long Blades
 + Level 2.1 Throwing
 + Level 1.6 Armour
 + Level 4.4 Dodging
 + Level 0.1 Stealth


You had 3 spell levels left.
You didn't know any spells.
Your spell library contained the following spells:

 Spells                   Type           Power      Damage    Failure   Level
 Magic Dart               Conj           0%         1d3       100%        1
 Ignite Poison            Fire/Tmut/Pois 0%         N/A       100%        3
 Mephitic Cloud           Conj/Pois/Air  0%         N/A       100%        3
 Freezing Cloud           Conj/Ice/Air   0%         6-21      100%        5


Dungeon Overview and Level Annotations

Branches:
Dungeon (2/15)

Altars:


Innate Abilities, Weirdness & Mutations

You have a pair of horns on your head.
You reflexively headbutt those who attack you in melee.


Message History

The gnoll hits you with a +0 club. The gnoll hits you with a +0 flail!
You slash the gnoll! You burn the gnoll.
You kill the gnoll!
The iguana barely misses you. The gnoll hits you with a +0 club.
The iguana barely misses you.
You have reached level 4!
You feel agile.
Throw: 2 throwing nets
Press: ? - help, Q - select action Shift-Dir - straight line, f - iguana
Aim: an iguana (61% to hit)
You throw a throwing net. The throwing net hits the iguana.
The iguana is caught in the net!
The gnoll hits you with a +0 club.
* * * LOW HITPOINT WARNING * * *
The iguana struggles against the net.
You hit the iguana but do no damage.
The iguana is poisoned.
You headbutt the iguana.
The iguana is moderately wounded.
The gnoll hits you with a +0 club.
* * * LOW HITPOINT WARNING * * *
The iguana struggles against the net.
You catch the helpless iguana completely off-guard!
You slash the iguana!
You kill the iguana!
The gnoll barely misses you.
Your Fighting skill increases to level 3!
Throw: throwing net
Press: ? - help, Q - select action Shift-Dir - straight line, f - gnoll
Aim: a gnoll, wielding a +0 club (lightly wounded, 61% to hit)
You throw a throwing net.
The throwing net barely misses the gnoll.
The gnoll hits you but does no damage.
You hit the gnoll. Your headbutt misses the gnoll.
The gnoll is moderately wounded.
The gnoll hits you with a +0 club.
* * * LOW HITPOINT WARNING * * *
You hit the gnoll.
The gnoll seems to speed up.
Your headbutt misses the gnoll.
The gnoll is moderately wounded.
The gnoll hits you with a +0 club.
You die...

..### #. ?.# .....
...##.. ##
......#..#..####.#
..... #....##...####
#..###....#......#
#######..###.........#
§§§≈≈§#..............#
.....≈##.#.##...)....#
§≈≈≈.≈#..####...@(...#
.≈§§..'...#.....)g!...#
.≈§≈.≈####......###..##
.....≈# ....#.... ##
≈≈§≈≈≈#.###.#.....
####### ......l#.
..#.......# #....


You could see a gnoll (fast).

Vanquished Creatures
  An iguana (D:4)
  An adder (D:2)
  3 gnolls (D:4)
  A ball python (D:2)
  2 bats
  2 endoplasms (D:1)
  4 goblins
  5 hobgoblins
  4 jackals (D:2)
  A kobold (D:1)
  A quokka (D:2)
  2 frilled lizards
  7 rats
34 creatures vanquished.

Notes
Turn   | Place    | Note
-------+----------+-------------------------------------------
     0 | D:1      | SmokeWeed the Minotaur Gladiator began the quest for the
                  | Orb.
     0 | D:1      | Reached XP level 1. HP: 18/18 MP: 0/0
   151 | D:1      | Identified a scroll of acquirement
   151 | D:1      | Acquired a +1 pair of boots of rampaging
   246 | D:1      | Found a faded altar of an unknown god.
   254 | D:1      | Got Plato's Reference Book on Conjuration
   317 | D:1      | Reached XP level 2. HP: 25/25 MP: 1/1
   869 | D:2      | Reached XP level 3. HP: 30/30 MP: 2/2
  1050 | D:2      | You fall into a shaft and drop 2 floors!
  1077 | D:4      | Reached skill level 1 in Armour
  1085 | D:4      | Reached XP level 4. HP: 15/37 MP: 3/3
  1090 | D:4      | Slain by a gnoll

Illustrated notes

Levels and vault maps discovered:
D:1:      dpeg_arrival_arbitrary_c, layout_rooms,
          shapermc_ecumenical_altar_rom_forum, st_stairs_6
D:2:      layout_basic
D:4:      layout_cave_pools, serial_shops, shop_fountains,
          minmay_misc_feat_enclosed, kennysheep_generic_room_11,
          uniq_blork_the_orc, uniq_pikel, uniq_duvessa

Skill      XL: |  1  2  3  4 |
---------------+-------------+-----
Long Blades    | 4 |  4.5
Dodging        | 4 |  4.4
Armour         | 1 |  1.6
Fighting       | 3 |  3.0
Throwing       | |  2.1
Stealth        | |  0.1

Action                   |  1- 3 |  4- 6 || total
-------------------------+-------+-------++-------
Melee: Long sword        |    59 |     4 ||    63
       Headbutt          |     6 |     1 ||     7
Throw: Throwing net      |     1 |     2 ||     3
  Use: Scroll            |     6 |       ||     6
 Stab: Held in net/web   |       |     1 ||     1
Armor: Leather armour    |    10 |       ||    10
       Ring mail         |    11 |       ||    11
       Plate armour      |     5 |     1 ||     6
       Chain mail        |     1 |       ||     1
Dodge: Dodged            |    38 |     1 ||    39

Table legend: (Time is in decaauts)
 A = Elapsed time spent in this place.
 B = Non-inter-level travel time spent in this place.
 C = Inter-level travel time spent in this place.
 D = Time resting spent in this place.
 E = Time spent auto-exploring this place.
 F = Levels seen in this place.
 G = Mean time per level.
                   A        B        C        D        E       F      G
               +--------+--------+--------+--------+--------+-----+--------+
         Total |   1101 |   1101 |      0 |      0 |    836 |   3 |  367.0 |
       Dungeon |   1101 |   1101 |      0 |      0 |    836 |   3 |  367.0 |
               +--------+--------+--------+--------+--------+-----+--------+

Top non-repeatable levels by time:
     D:1: 650 daAuts
     D:2: 409 daAuts
     D:4: 41 daAuts
